[ AOE2 MATCH · #504644755 ]
UnrankedPersians vs Mongols
Player's team · WIN
Rival team · LOSS
[ REPLAY ANALYSIS · EXTRACTED FROM THE RECORDED GAME ]
Feudal
10:12
Castle
22:01
Imperial
40:01
| APM avg | 62.9 |
| APM peak | 164 |
| eAPM avg | 29.6 |
| Villagers / military | 162 / 293 |
Focus
⚔️ 37.8% · 🌾 62.2%
Spearman ×148 · Knight ×79 · Scout Cavalry ×25 · Militia ×16 · Camel Scout ×14 · Trebuchet (Packed) ×8
Feudal
8:35
Castle
27:24
Imperial
51:28
| APM avg | 59.7 |
| APM peak | 139 |
| eAPM avg | 32.2 |
| Villagers / military | 182 / 387 |
Focus
⚔️ 48.8% · 🌾 51.2%
Skirmisher ×148 · Steppe Lancer ×103 · Spearman ×78 · Scout Cavalry ×26 · Archer ×12 · Knight ×7
Match map
Initial resources + every placement click. Lines = walls · curves = elevation contours. ◆ gold · ⬟ stone · ● berries · ✦ relic · ◌ wall gap
Your base· ✓ Closed at 22:01 · 32t walls · 2 gate(s)
ta''s base· ✓ Closed at 27:24 · 41t walls · 2 gate(s)
Smoothed initial terrain · ◌ = detected wall gap · hover for details
Inputs per minute
— pablo.isaza - - ta'
Build order — pablo.isaza
First 150 of 728 actions detected
| 0:01 | Queue | Villager (Male) |
| 0:01 | Queue | Villager (Male) |
| 0:02 | Build | House |
| 0:03 | Build | House |
| 0:24 | Queue | Villager (Male) |
| 0:24 | Queue | Villager (Male) |
| 0:49 | Queue | Villager (Male) |
| 0:49 | Queue | Villager (Male) |
| 1:20 | Queue | Villager (Male) |
| 1:21 | Queue | Villager (Male) |
| 1:24 | Build | Lumber Camp |
| 1:56 | Queue | Villager (Male) |
| 1:57 | Queue | Villager (Male) |
| 2:15 | Queue | Villager (Male) |
| 2:15 | Queue | Villager (Male) |
| 2:41 | Queue | Villager (Male) |
| 2:42 | Queue | Villager (Male) |
| 3:03 | Queue | Villager (Male) |
| 3:22 | Queue | Villager (Male) |
| 3:41 | Build | House |
| 3:52 | Queue | Villager (Male) |
| 3:55 | Build | Barracks |
| 4:35 | Queue | Villager (Male) |
| 4:57 | Build | House |
| 5:09 | Queue | Militia |
| 5:09 | Queue | Militia |
| 5:10 | Queue | Militia |
| 5:23 | Queue | Villager (Male) |
| 5:25 | Queue | Villager (Male) |
| 5:46 | Build | Mill |
| 5:55 | Queue | Villager (Male) |
| 6:15 | Queue | Villager (Male) |
| 6:36 | Research | Loom |
| 8:08 | Research | Feudal Age |
| 8:09 | Research | Feudal Age |
| 8:31 | Build | House |
| 9:13 | Queue | Villager (Male) |
| 9:16 | Build | House |
| 9:27 | Build | Mill |
| 9:50 | Build | Palisade Wall |
| 9:54 | Build | Palisade Wall |
| 10:12 | Age | Feudal Age |
| 10:13 | Research | Man-at-Arms (upgrade) |
| 10:13 | Research | Man-at-Arms (upgrade) |
| 10:16 | Build | Stable |
| 10:23 | Queue | Villager (Male) |
| 10:30 | Build | House |
| 10:41 | Queue | Villager (Male) |
| 10:44 | Build | Farm |
| 10:44 | Build | Farm |
| 10:44 | Build | Farm |
| 10:45 | Queue | Scout Cavalry |
| 10:45 | Queue | Scout Cavalry |
| 11:00 | Queue | Scout Cavalry |
| 11:28 | Build | Farm |
| 11:44 | Build | Palisade Wall |
| 11:50 | Build | Palisade Wall |
| 12:01 | Build | House |
| 12:03 | Queue | Villager (Male) |
| 12:03 | Queue | Villager (Male) |
| 12:27 | Build | Palisade Wall |
| 12:37 | Build | Farm |
| 12:39 | Build | Palisade Wall |
| 12:40 | Queue | Villager (Male) |
| 12:50 | Build | Palisade Gate |
| 13:18 | Queue | Villager (Male) |
| 13:27 | Queue | Spearman |
| 13:28 | Queue | Spearman |
| 13:31 | Build | House |
| 13:36 | Build | Farm |
| 13:37 | Build | Farm |
| 13:37 | Build | Farm |
| 13:37 | Build | Farm |
| 13:46 | Queue | Villager (Male) |
| 13:57 | Queue | Villager (Male) |
| 14:01 | Build | Palisade Wall |
| 14:20 | Queue | Villager (Male) |
| 14:27 | Queue | Spearman |
| 14:38 | Build | House |
| 14:42 | Queue | Villager (Male) |
| 14:55 | Build | Palisade Gate |
| 14:58 | Queue | Villager (Male) |
| 15:14 | Queue | Villager (Male) |
| 15:19 | Queue | Villager (Male) |
| 15:22 | Build | Farm |
| 15:37 | Queue | Villager (Male) |
| 15:40 | Build | Farm |
| 15:43 | Build | Farm |
| 15:48 | Queue | Villager (Male) |
| 15:54 | Queue | Villager (Male) |
| 16:06 | Build | House |
| 16:07 | Build | House |
| 16:12 | Build | Mining Camp |
| 16:14 | Queue | Villager (Male) |
| 16:32 | Queue | Villager (Male) |
| 16:32 | Queue | Villager (Male) |
| 16:53 | Queue | Villager (Male) |
| 17:13 | Build | House |
| 17:33 | Queue | Villager (Male) |
| 17:37 | Build | Mining Camp |
| 18:35 | Build | Market |
| 18:44 | Queue | Villager (Male) |
| 18:57 | Build | Blacksmith |
| 19:36 | Research | Castle Age |
| 19:36 | Research | Castle Age |
| 20:06 | Research | Double-Bit Axe |
| 20:11 | Research | Horse Collar |
| 20:20 | Build | Farm |
| 20:21 | Build | Farm |
| 20:21 | Build | Farm |
| 20:21 | Build | Farm |
| 20:21 | Build | Farm |
| 21:20 | Queue | Villager (Male) |
| 22:01 | Age | Castle Age |
| 22:03 | Build | Monastery |
| 22:05 | Queue | Villager (Male) |
| 22:25 | Build | Town Center |
| 22:37 | Queue | Villager (Male) |
| 22:40 | Build | House |
| 22:46 | Build | House |
| 22:52 | Queue | Villager (Male) |
| 22:58 | Queue | Monk |
| 22:58 | Queue | Monk |
| 23:08 | Queue | Villager (Male) |
| 23:25 | Build | Town Center |
| 23:29 | Queue | Villager (Male) |
| 23:44 | Queue | Knight |
| 23:44 | Queue | Knight |
| 23:44 | Queue | Camel Scout |
| 23:49 | Build | Farm |
| 23:49 | Build | Farm |
| 23:49 | Build | Farm |
| 24:12 | Queue | Villager (Male) |
| 24:19 | Queue | Villager (Male) |
| 24:24 | Queue | Villager (Male) |
| 24:27 | Build | Farm |
| 24:28 | Build | Farm |
| 24:28 | Build | Farm |
| 24:30 | Queue | Villager (Male) |
| 24:32 | Build | Farm |
| 24:32 | Build | Farm |
| 24:32 | Queue | Villager (Male) |
| 24:37 | Queue | Knight |
| 24:40 | Queue | Villager (Male) |
| 24:42 | Queue | Villager (Male) |
| 25:03 | Queue | Villager (Male) |
| 25:08 | Queue | Knight |
| 25:24 | Queue | Villager (Male) |
| 25:34 | Build | Farm |
| 25:34 | Build | Farm |
Build order — ta'
First 150 of 828 actions detected
| 0:02 | Build | House |
| 0:03 | Build | House |
| 0:05 | Queue | Villager (Male) |
| 0:05 | Queue | Villager (Male) |
| 0:05 | Queue | Villager (Male) |
| 0:28 | Queue | Villager (Male) |
| 1:28 | Queue | Villager (Male) |
| 1:56 | Build | Lumber Camp |
| 2:11 | Queue | Villager (Male) |
| 2:11 | Queue | Villager (Male) |
| 2:18 | Queue | Villager (Male) |
| 2:47 | Queue | Villager (Male) |
| 3:05 | Queue | Villager (Male) |
| 3:42 | Queue | Villager (Male) |
| 3:58 | Build | Mill |
| 4:01 | Build | House |
| 4:11 | Queue | Villager (Male) |
| 4:12 | Queue | Villager (Male) |
| 4:33 | Queue | Villager (Male) |
| 5:30 | Queue | Villager (Male) |
| 5:51 | Queue | Villager (Male) |
| 6:25 | Research | Feudal Age |
| 6:55 | Build | Barracks |
| 6:57 | Build | House |
| 7:06 | Queue | Villager (Male) |
| 8:02 | Queue | Militia |
| 8:02 | Queue | Militia |
| 8:35 | Age | Feudal Age |
| 8:37 | Build | Stable |
| 8:41 | Queue | Villager (Male) |
| 9:02 | Build | Farm |
| 9:17 | Queue | Scout Cavalry |
| 9:17 | Queue | Scout Cavalry |
| 9:20 | Build | Farm |
| 9:29 | Queue | Villager (Male) |
| 9:29 | Queue | Villager (Male) |
| 9:38 | Queue | Villager (Male) |
| 9:49 | Queue | Scout Cavalry |
| 9:50 | Queue | Villager (Male) |
| 9:58 | Build | Farm |
| 10:08 | Build | Farm |
| 10:22 | Build | House |
| 10:59 | Queue | Villager (Male) |
| 11:12 | Queue | Scout Cavalry |
| 11:13 | Queue | Scout Cavalry |
| 11:17 | Build | Palisade Gate |
| 11:20 | Build | Palisade Wall |
| 11:21 | Build | House |
| 11:27 | Build | House |
| 11:31 | Queue | Villager (Male) |
| 11:34 | Build | Farm |
| 11:41 | Build | House |
| 11:56 | Queue | Villager (Male) |
| 12:23 | Queue | Scout Cavalry |
| 12:35 | Build | Lumber Camp |
| 12:53 | Queue | Villager (Male) |
| 13:13 | Build | House |
| 13:16 | Build | Palisade Wall |
| 13:20 | Build | Palisade Wall |
| 13:21 | Build | Palisade Wall |
| 13:23 | Build | Palisade Wall |
| 13:24 | Queue | Spearman |
| 13:24 | Queue | Spearman |
| 13:25 | Build | Palisade Wall |
| 13:26 | Build | Palisade Wall |
| 13:28 | Build | Palisade Wall |
| 13:37 | Build | Palisade Gate |
| 13:43 | Build | House |
| 13:48 | Queue | Villager (Male) |
| 14:23 | Build | Lumber Camp |
| 14:54 | Build | Lumber Camp |
| 14:58 | Build | House |
| 15:21 | Build | Farm |
| 15:21 | Build | Farm |
| 15:21 | Build | Farm |
| 15:21 | Build | Farm |
| 15:21 | Build | Farm |
| 15:23 | Queue | Villager (Male) |
| 15:23 | Queue | Villager (Male) |
| 15:29 | Build | Palisade Wall |
| 16:09 | Queue | Villager (Male) |
| 16:10 | Queue | Villager (Male) |
| 16:14 | Build | House |
| 16:21 | Build | Palisade Wall |
| 16:22 | Build | Palisade Wall |
| 16:25 | Research | Loom |
| 16:25 | Research | Loom |
| 16:30 | Queue | Villager (Male) |
| 16:42 | Build | Farm |
| 16:42 | Build | Farm |
| 16:42 | Build | Farm |
| 16:43 | Build | Farm |
| 16:43 | Build | Farm |
| 16:53 | Queue | Spearman |
| 17:08 | Queue | Villager (Male) |
| 17:14 | Build | Mining Camp |
| 17:17 | Build | House |
| 17:19 | Build | Palisade Wall |
| 17:24 | Build | Mill |
| 17:25 | Queue | Villager (Male) |
| 17:37 | Queue | Villager (Male) |
| 17:56 | Build | Farm |
| 17:59 | Build | Farm |
| 18:00 | Queue | Villager (Male) |
| 18:05 | Research | Double-Bit Axe |
| 18:06 | Queue | Villager (Male) |
| 18:33 | Queue | Villager (Male) |
| 18:37 | Queue | Scout Cavalry |
| 18:48 | Queue | Spearman |
| 18:50 | Queue | Scout Cavalry |
| 19:06 | Queue | Villager (Male) |
| 19:06 | Queue | Villager (Male) |
| 19:12 | Queue | Villager (Male) |
| 19:27 | Queue | Villager (Male) |
| 19:27 | Queue | Villager (Male) |
| 19:32 | Build | Archery Range |
| 19:45 | Queue | Villager (Male) |
| 19:53 | Build | Palisade Gate |
| 19:55 | Build | Palisade Wall |
| 19:55 | Build | Palisade Wall |
| 19:56 | Build | Palisade Wall |
| 19:57 | Build | Palisade Wall |
| 20:05 | Queue | Villager (Male) |
| 20:12 | Build | Palisade Wall |
| 20:13 | Build | Palisade Wall |
| 20:14 | Build | Palisade Wall |
| 20:17 | Queue | Villager (Male) |
| 20:17 | Queue | Villager (Male) |
| 20:21 | Queue | Villager (Male) |
| 20:35 | Queue | Villager (Male) |
| 20:39 | Queue | Villager (Male) |
| 20:45 | Research | Horse Collar |
| 20:46 | Queue | Scout Cavalry |
| 20:46 | Queue | Scout Cavalry |
| 20:46 | Queue | Scout Cavalry |
| 20:47 | Queue | Scout Cavalry |
| 20:52 | Build | Stable |
| 21:12 | Build | Blacksmith |
| 21:13 | Queue | Villager (Male) |
| 21:19 | Queue | Villager (Male) |
| 21:22 | Queue | Scout Cavalry |
| 21:22 | Queue | Scout Cavalry |
| 21:24 | Queue | Archer |
| 21:24 | Queue | Archer |
| 21:49 | Queue | Villager (Male) |
| 21:49 | Queue | Archer |
| 21:50 | Queue | Archer |
| 22:02 | Queue | Archer |
| 22:02 | Queue | Archer |
| 22:10 | Research | Fletching |
Match timeline
| 3:55 | pablo.isaza · first_building Barracks |
| 6:55 | ta' · first_building Barracks |
| 8:35 | ta' · age_up feudal |
| 8:37 | ta' · first_building Stable |
| 9:50 | pablo.isaza · wall_segment Palisade Wall x3 |
| 9:54 | pablo.isaza · wall_segment Palisade Wall x3 |
| 10:12 | pablo.isaza · age_up feudal |
| 10:16 | pablo.isaza · first_building Stable |
| 11:20 | ta' · wall_segment Palisade Wall x1 |
| 11:44 | pablo.isaza · wall_segment Palisade Wall x1 |
| 11:50 | pablo.isaza · wall_segment Palisade Wall x3 |
| 12:27 | pablo.isaza · wall_segment Palisade Wall x9 |
| 12:39 | pablo.isaza · wall_segment Palisade Wall x5 |
| 13:16 | ta' · wall_segment Palisade Wall x1 |
| 13:20 | ta' · wall_segment Palisade Wall x1 |
| 13:21 | ta' · wall_segment Palisade Wall x1 |
| 13:23 | ta' · wall_segment Palisade Wall x1 |
| 13:25 | ta' · wall_segment Palisade Wall x1 |
| 13:26 | ta' · wall_segment Palisade Wall x1 |
| 13:28 | ta' · wall_segment Palisade Wall x1 |
| 14:01 | pablo.isaza · wall_segment Palisade Wall x8 |
| 15:29 | ta' · wall_segment Palisade Wall x8 |
| 16:21 | ta' · wall_segment Palisade Wall x7 |
| 16:22 | ta' · wall_segment Palisade Wall x1 |
| 17:19 | ta' · wall_segment Palisade Wall x10 |
| 19:32 | ta' · first_building Archery Range |
| 19:55 | ta' · wall_segment Palisade Wall x1 |
| 19:55 | ta' · wall_segment Palisade Wall x1 |
| 19:56 | ta' · wall_segment Palisade Wall x1 |
| 19:57 | ta' · wall_segment Palisade Wall x1 |
| 20:12 | ta' · wall_segment Palisade Wall x1 |
| 20:13 | ta' · wall_segment Palisade Wall x1 |
| 20:14 | ta' · wall_segment Palisade Wall x1 |
| 22:01 | pablo.isaza · age_up castle |
| 22:03 | pablo.isaza · first_building Monastery |
| 24:42 | ta' · first_market_buy 100 food |
| 27:24 | ta' · age_up castle |
| 27:37 | pablo.isaza · first_building Castle |
| 28:04 | pablo.isaza · first_market_sell 100 wood |
| 28:06 | pablo.isaza · first_market_buy 100 food |
| 28:45 | ta' · first_building Siege Workshop |
| 28:57 | ta' · wall_segment Palisade Wall x1 |
| 34:08 | pablo.isaza · first_building Siege Workshop |
| 40:01 | pablo.isaza · age_up imperial |
| 40:06 | ta' · wall_segment Stone Wall x8 |
| 40:24 | ta' · wall_segment Stone Wall x15 |
| 40:30 | ta' · wall_segment Stone Wall x13 |
| 41:05 | ta' · wall_segment Stone Wall x4 |
| 41:40 | ta' · wall_segment Stone Wall x4 |
| 41:44 | ta' · wall_segment Stone Wall x7 |
| 42:06 | ta' · first_building Castle |
| 42:37 | ta' · first_market_sell 100 wood |
| 42:46 | ta' · wall_segment Stone Wall x5 |
| 43:13 | ta' · wall_segment Stone Wall x5 |
| 51:28 | ta' · age_up imperial |
| 64:39 | ta' · resign |
[ AI ANALYSIS · 1 CREDIT ]
What really happened in this match?
Wolo.gg analyzes every decision: build order, eco, micro, common mistakes by bracket. Personalized analysis on WhatsApp or Discord in 30 seconds.
Civ guide
Persians
Perfil
pablo.isaza